 Dungeon Crawl Stone Soup version 0.31-a0-233-g139696dc86 (webtiles) character file.

Game seed: 13031230471315021112

73728 qw the Marksminotaur (level 15, -2/158 HPs)
             Began as a Minotaur Hexslinger on July 7, 2023.
             Was a High Priest of Okawaru.
             Slain by an orc knight
             ... wielding a +0 battleaxe
              (42 damage)
             ... on level 14 of the Dungeon.
             The game lasted 00:08:14 (16757 turns).

qw the Marksminotaur (Minotaur Hexslinger)         Turns: 16757, Time: 00:08:15

Health: -2/158     AC: 11    Str: 14    XL:     15   Next: 4%
Magic:  20/21      EV: 31    Int:  9    God:    Okawaru [*****.]
Gold:   1480       SH:  5    Dex: 22    Spells: 15/16 levels left

rFire   . . .        Y - +5 arbalest (freeze)
rCold   . . .        (shield currently unavailable)
rNeg    . . .        u - +0 troll leather armour
rPois   +            (helmet restricted)
rElec   +            a - +0 cloak {rPois}
rCorr   .            k - +0 pair of gloves "Kueneuh" {Drain rElec rPois Int-4}
SInv    +            m - +2 pair of boots
Will    +....        s - amulet of Existentialism {Reflect Int+3 Dex+3 SH+5}
Stlth   +++          f - ring of see invisible
HPRegen 1.26/turn    d - +5 ring of evasion
MPRegen 0.17/turn

%: reflection
@: heroic
A: horns 2, retaliatory headbutt, deformed body, robust 1
a: Renounce Religion, Heroism, Finesse, Duel


You were on level 14 of the Dungeon.
You worshipped Okawaru.
Okawaru was extremely pleased with you.
You visited 2 branches of the dungeon, and saw 20 of its levels.
You also visited: Ossuary.

You collected 1480 gold pieces.


Innate Abilities, Weirdness & Mutations

You have a pair of horns on your head.
You reflexively headbutt those who attack you in melee.
Armour fits poorly on your strangely shaped body.
You are robust. (+10% HP)


   Skills:
 - Level 16.0(21.0) Fighting
 - Level 18.0(23.0) Ranged Weapons
 + Level 8.6(13.6) Armour
 - Level 13.0(18.0) Dodging
 - Level 1.0 Spellcasting
 - Level 2.0 Hexes
 - Level 10.0 Invocations


You had 15 spell levels left.
You knew the following spells:

 Your Spells              Type           Power      Damage    Failure   Level
a - Slow                  Hex            16%        N/A       19%         1

Your spell library contained the following spells:

 Spells                   Type           Power      Damage    Failure   Level
 Inner Flame              Hex/Fire       2%         N/A       63%         3
 Portal Projectile        Hex/Tloc       4%         N/A       63%         3
 Cause Fear               Hex            2%         N/A       88%         4

Inventory:

Hand Weapons
 Y - a +5 arbalest of freezing (weapon)
Armour
 a - a +0 cloak of poison resistance (worn)
 g - a +2 robe of fire resistance
 h - a +1 pair of gloves of stealth
 k - the +0 pair of gloves "Kueneuh" (worn) {Drain rElec rPois Int-4}
   (You found it on level 2 of the Dungeon)

   Int:       It affects your intelligence (-4).
   rElec:     It insulates you from electricity.
   rPois:     It protects you from poison.
   Drain:     It drains your maximum health when unequipped.
 m - a +2 pair of boots (worn)
 u - a +0 troll leather armour (worn)
Jewellery
 d - a +5 ring of evasion (right hand)
 f - a ring of see invisible (left hand)
 o - a ring of poison resistance
 q - a +4 ring of protection
 s - the amulet of Existentialism (around neck) {Reflect Int+3 Dex+3 SH+5}
   (You found it on level 12 of the Dungeon)

   [amulet of reflection]

   It reflects blocked missile attacks.
   Int:       It affects your intelligence (+3).
   Dex:       It affects your dexterity (+3).
   SH:        It affects your SH (+5).
 t - a ring of fire
Wands
 p - a wand of digging (5)
Scrolls
 b - 5 scrolls of teleportation
 n - 4 scrolls of identify
Potions
 c - 11 potions of curing
 e - 2 potions of might
 j - 7 potions of mutation
 l - 3 potions of enlightenment
 r - a potion of resistance
 v - a potion of haste

Dungeon Overview and Level Annotations

Branches:
Dungeon (15/15)            Temple (0/1) D:7            Lair (5/5) D:9
 Shoals (0/4) Lair:2        Snake (0/4) Lair:2        Slime (0/5) Lair:4
    Orc (0/2) D:12         Vaults (0/5) D:14        Ossuary (visited)
 Depths: D:15

Altars:
Cheibriados
Fedhas
Gozag
Nemelex Xobeh
Okawaru
Ru
Sif Muna
Trog
Xom
Zin
The Shining One
Jiyva

Portals:
Trove: D:12 (lose all piety)

Annotations:
D:3 3 runed translucent doors, qw's ghost, amateur MiHs
D:7 1 runed translucent door, Crazy Yiuf
D:9 exclusion: obsidian statue
D:11 2 transporters, qw's ghost, novice MiHs
Lair:5 exclusion: 3 wraiths


Message History

The orc wizard flickers and vanishes for a moment.
You shoot a bolt. The bolt closely misses the orc knight.
The bolt hits the orc!!
The bolt freezes the orc.
You kill the orc!
The orc warrior misses you. You furiously retaliate!
You headbutt the orc warrior. The orc knight completely misses you.
The orc warrior misses you. You furiously retaliate!
You headbutt the orc warrior! The orc knight misses you.
You furiously retaliate!
You headbutt the orc knight!
The meliai calls down the wrath of its god upon you.
Something smites you!
You shoot a bolt. The bolt hits the orc warrior!!!
The bolt freezes the orc warrior.
You kill the orc warrior!
Okawaru accepts your kill. You block the orc warrior's attack. x2
The orc knight hits you with a +0 battleaxe!!
The orc knight completely misses you.
The boulder beetle leaps!
The tengu conjurer gestures wildly while chanting.
The tengu conjurer conjures a globe of magical energy!
A battlesphere comes into view.
16754 ||| STAIRDANCE The orc warrior hits you with a +0 hand axe.
The orc knight completely misses you. You furiously retaliate!
You headbutt the orc knight. The orc knight misses you.
You climb upwards.
The battlesphere dissipates. x2
There is a stone staircase leading down, spattered with blood here.
You shoot a bolt. The bolt closely misses the orc knight.
The orc knight hits you with a +0 great sword!
The orc warrior completely misses you. You furiously retaliate!
You headbutt the orc warrior. You block the orc warrior's attack.
The orc knight completely misses you.
You shoot a bolt. The bolt hits the orc warrior!!!
The bolt freezes the orc warrior.
You kill the orc warrior!
Okawaru accepts your kill.
The orc knight hits you with a +0 great sword!
The orc warrior completely misses you.
The orc knight hits you with a +0 battleaxe!!!
You die...

#..................###.#.......
#.........^.........##.#.......
#...................#..#.......
#.....................#........
#.....................#/.....?.
###########..#................. #
#....<......#...##..# ##
#....o....#.###..#... .##
#.#o@o......####...## ..##
#.##.).......####.... ?..######
#.......#......##...> .#......###
#.##...###..##....... #######.'.#
#.##...###..#####....
.#......#.###.##...##....####....
...######.....##......#..........
..## ###..<..##...##.#..####....
.## #.............#.##...###.##


You could see 2 orc knights and an orc warrior (strong).

Vanquished Creatures
  Jorgrun (D:13)
  Frances (D:12)
  Josephine (Lair:5)
  Fannar (D:11)
  Harold (D:10)
  8 vault guards (D:14)
  A rakshasa (D:13)
  3 hydras
  3 centaur warriors
  A merfolk avatar (Lair:5)
  4 boulder beetles
  3 tengu warriors
  A two-headed ogre (D:11)
  3 death yaks (Lair:5)
  Amaemon (Lair:2)
  A fire crab (Lair:4)
  A skyshark (Lair:5)
  A sea snake (Lair:5)
  2 harpies (Lair:5)
  Pikel (D:7)
  2 deep elf pyromancers
  6 cyclopes
  3 manticores
  12 ugly things
  10 elephants
  11 black mambas
  An orange demon (Lair:2)
  Joseph (D:8)
  11 cane toads
  4 gargoyles
  An unseen horror (D:13)
  8 komodo dragons
  3 rime drakes
  7 meliai
  3 polar bears
  4 trolls
  2 hornets (D:8)
  9 blink frogs
  2 snapping turtles
  Sigmund (D:4)
  5 slime creatures (D:13)
  7 wraiths
  2 shadows
  3 wyverns
  5 basilisks
  45 yaks
  3 vampire mosquitoes (D:13)
  Menkaure (D:4)
  6 steam dragons
  2 acid dragons
  30 water moccasins
  Duvessa (D:7)
  7 orc warriors
  3 black bears
  2 sky beasts
  15 wolves
  3 ogres
  11 centaurs
  Blork the orc (D:5)
  A phantom (D:6)
  2 elf zombies (Ossuary)
  4 kobold brigands
  4 gnoll sergeants
  8 bullfrogs
  4 scorpions
  Dowan (D:7)
  9 killer bees
  8 howler monkeys
  2 centaur zombies (Ossuary)
  4 hounds
  6 orc priests
  4 sleepcaps
  Jessica (D:2)
  3 iguanas
  6 orc wizards
  4 hell rats (Lair:2)
  2 mummies (Ossuary)
  Robin (D:3)
  16 gnolls
  16 adders
  3 white imps
  An ufetubus (D:6)
  2 adder zombies (Ossuary)
  7 worms
  A dart slug (D:1)
  30 orcs
  9 ball pythons
  9 endoplasms
  6 giant cockroaches
  13 goblins
  6 hobgoblins
  7 jackals (D:5)
  20 kobolds
  6 quokkas
  8 bats
  3 frilled lizards
  A goblin zombie (Ossuary)
  9 hobgoblin zombies (Ossuary)
  A jackal zombie (Ossuary)
  12 kobold zombies (Ossuary)
  6 orc zombies (Ossuary)
  4 rats
  A rat zombie (Ossuary)
563 creatures vanquished.

Vanquished Creatures (others)
  A wizard (D:14)
  A centaur (D:14)
  An orc (D:7)
3 creatures vanquished.

Grand Total: 566 creatures vanquished

Notes
Turn   | Place    | Note
-------+----------+-------------------------------------------
     0 | D:1      | qw the Minotaur Hexslinger began the quest for the Orb.
     0 | D:1      | Reached XP level 1. HP: 16/16 MP: 1/1
     0 | D:1      | 0 ||| qw: Version: 0.3-a-46-gb1f654a
     0 | D:1      | 0 ||| qw: Game counter: 3047
     0 | D:1      | 0 ||| qw: Melee chars always use a shield: true
     0 | D:1      | 0 ||| qw: God list: Okawaru
     0 | D:1      | 0 ||| qw: Allow faded altars: false
     0 | D:1      | 0 ||| qw: Do Orc after clearing Dungeon:15 true
     0 | D:1      | 0 ||| qw: Do second Lair branch before Depths: true
     0 | D:1      | 0 ||| qw: Lair rune preference: random
     0 | D:1      | 0 ||| qw: Goals: Normal
     0 | D:1      | 0 ||| PLANNING D:1-11
   250 | D:1      | Reached skill level 3 in Ranged Weapons
   250 | D:1      | Reached XP level 2. HP: 23/23 MP: 2/2
   555 | D:1      | 555 ||| UPGRADING to +0 leather armour.
   565 | D:1      | 565 ||| DROPPING +0 robe.
   566 | D:1      | 566 ||| UPGRADING to +1 pair of gloves of stealth.
   571 | D:1      | 571 ||| UPGRADING to ring of see invisible.
   572 | D:1      | 572 ||| READING scroll labelled OPLUAK ERRULE.
   573 | D:1      | 573 ||| READING 2 scrolls labelled ZIWEMYCSUE.
   574 | D:1      | 574 ||| READING scroll labelled SAAPAG OKODEHI.
   574 | D:1      | Identified a scroll of acquirement
   574 | D:1      | 574 ||| ACQUIRING +0 cloak of poison resistance
   574 | D:1      | Acquired a +0 cloak of poison resistance
   576 | D:1      | 576 ||| UPGRADING to +0 cloak of poison resistance.
   581 | D:1      | 581 ||| READING scroll labelled TELIYRGHEWUB.
   582 | D:1      | 582 ||| DROPPING scroll of poison.
   583 | D:1      | 583 ||| DROPPING scroll of revelation.
   648 | D:2      | Noticed Jessica
   649 | D:2      | 649 ||| Stepping ~*~*~tactically~*~*~ (outnumbered).
   662 | D:2      | Killed Jessica
   663 | D:2      | Reached skill level 4 in Ranged Weapons
   663 | D:2      | Reached XP level 3. HP: 11/29 MP: 3/3
   783 | D:2      | Reached XP level 4. HP: 36/36 MP: 4/4
  1122 | D:2      | Reached skill level 5 in Ranged Weapons
  1126 | D:2      | Identified the +0 pair of gloves "Kueneuh" {Drain rElec
                  | rPois Int-4}
  1307 | D:2      | Found a glowing golden altar of the Shining One.
  1329 | D:2      | You fall into a shaft and drop 1 floor!
  1334 | D:3      | Noticed a scorpion
  1343 | D:3      | Killed a scorpion
  1344 | D:3      | Reached XP level 5. HP: 26/46 MP: 5/5
  1467 | D:3      | 1467 ||| UPGRADING to +1 robe of willpower.
  1477 | D:3      | 1477 ||| DROPPING +0 leather armour.
  1478 | D:3      | 1478 ||| UPGRADING to +0 pair of gloves "Kueneuh" {Drain
                  | rElec rPois Int-4}.
  1488 | D:3      | 1488 ||| READING 2 scrolls labelled CAPTIU ITRAO.
  1492 | D:3      | 1492 ||| READING scroll labelled NOEZEF JY HOA.
  1493 | D:3      | 1493 ||| READING scroll labelled ACIHEIL SIFIN SIPN.
  1494 | D:3      | 1494 ||| READING scroll labelled TECALU PEKHOGRI.
  1495 | D:3      | 1495 ||| READING scroll labelled PIZOIT FADGHA.
  1836 | D:2      | 1836 ||| UPGRADING to +5 ring of evasion.
  2081 | D:3      | Noticed Robin
  2100 | D:3      | Killed Robin
  2101 | D:3      | Reached skill level 6 in Ranged Weapons
  2101 | D:3      | Reached XP level 6. HP: 33/52 MP: 6/6
  2113 | D:3      | Reached skill level 1 in Armour
  2178 | D:3      | Found a shimmering blue altar of Sif Muna.
  2338 | D:3      | Found a runed translucent gate.
  2338 | D:3      | Found a runed translucent gate.
  2341 | D:3      | Found a runed translucent gate.
  2341 | D:3      | Found an opulent altar of Gozag.
  2344 | D:3      | Noticed qw's ghost (amateur MiHs)
  2484 | D:3      | 2484 ||| READING scroll of enchant weapon.
  2484 | D:3      | 2484 ||| ENCHANTING +2 sling.
  2850 | D:3      | 2850 ||| READING scroll labelled NUUCUZ KOOKAAB.
  2851 | D:3      | 2851 ||| DRINKING 2 fuming golden potions.
  2851 | D:3      | Gained mutation: Armour fits poorly on your strangely
                  | shaped body. [potion of mutation]
  2851 | D:3      | Gained mutation: You are robust. (+10% HP) [potion of
                  | mutation]
  2898 | D:4      | 2898 ||| PLANNING OSSUARY
  3000 | D:4      | 3000 ||| READING scroll of enchant weapon.
  3000 | D:4      | 3000 ||| ENCHANTING +3 sling.
  3021 | D:4      | Noticed Menkaure
  3031 | D:4      | Killed Menkaure
  3032 | D:4      | Reached skill level 7 in Ranged Weapons
  3176 | D:4      | Found a sand-covered staircase.
  3177 | D:4      | 3177 ||| DRINKING 3 fizzy orange potions.
  3181 | D:4      | 3181 ||| DROPPING 2 potions of ambrosia.
  3188 | Ossuary  | Entered an ossuary
  3282 | Ossuary  | Reached XP level 7. HP: 53/64 MP: 7/7
  3446 | Ossuary  | Reached skill level 8 in Ranged Weapons
  3457 | Ossuary  | 3457 ||| READING 2 scrolls of enchant weapon.
  3457 | Ossuary  | 3457 ||| ENCHANTING +4 sling.
  3458 | Ossuary  | 3458 ||| READING scroll of enchant weapon.
  3458 | Ossuary  | 3458 ||| ENCHANTING +5 sling.
  3497 | Ossuary  | Reached skill level 3 in Dodging
  3566 | Ossuary  | 3566 ||| DRINKING 2 silvery potions.
  3567 | Ossuary  | 3567 ||| DRINKING 3 clear potions.
  3582 | D:4      | 3582 ||| PLANNING D:1-11
  3608 | D:4      | Found a sparkling altar of Nemelex Xobeh.
  3723 | D:4      | Noticed Sigmund
  3751 | D:4      | Killed Sigmund
  3752 | D:4      | Reached skill level 9 in Ranged Weapons
  3752 | D:4      | Reached XP level 8. HP: 74/74 MP: 8/8
  3992 | D:5      | Entered Level 5 of the Dungeon
  4020 | D:5      | Reached skill level 6 in Fighting
  4150 | D:5      | Reached skill level 10 in Ranged Weapons
  4318 | D:5      | Found a glowing golden altar of the Shining One.
  4362 | D:5      | Noticed Blork the orc
  4375 | D:5      | Killed Blork the orc
  4468 | D:5      | 4468 ||| READING scroll of enchant weapon.
  4468 | D:5      | 4468 ||| ENCHANTING +6 sling.
  4651 | D:5      | 4651 ||| DROPPING +0 ring mail.
  4652 | D:5      | 4652 ||| UPGRADING to +0 troll leather armour.
  4662 | D:5      | 4662 ||| DROPPING +1 robe of willpower.
  4663 | D:5      | 4663 ||| READING scroll labelled MOMAQO JAINU.
  4697 | D:5      | 4697 ||| READING scroll labelled ODDOIJ REUDD.
  4698 | D:5      | 4698 ||| DRINKING 3 lumpy orange potions.
  4699 | D:5      | 4699 ||| DROPPING 2 potions of attraction.
  4730 | D:6      | 4730 ||| STAIRDANCE
  4744 | D:5      | Reached XP level 9. HP: 34/86 MP: 9/9
  4794 | D:6      | 4794 ||| STAIRDANCE
  4810 | D:5      | Reached skill level 11 in Ranged Weapons
  4864 | D:6      | Identified the +0 ring mail of Circular Logic {rC+}
  4906 | D:6      | Found a glowing silver altar of Zin.
  4907 | D:6      | Found a snail-covered altar of Cheibriados.
  4908 | D:6      | Found an opulent altar of Gozag.
  4909 | D:6      | Found a shimmering altar of Xom.
  5037 | D:6      | Found a bloodstained altar of Trog.
  5037 | D:6      | Found an iron altar of Okawaru.
  5038 | D:6      | 5038 ||| PLANNING OKAWARU WORSHIP
  5040 | D:6      | 5040 ||| DROPPING +0 ring mail of Circular Logic {rC+}.
  5041 | D:6      | 5041 ||| DROPPING ring of magical power.
  5042 | D:6      | 5042 ||| READING scroll labelled TAIPSYIXAE.
  5143 | D:6      | 5143 ||| READING 4 scrolls of identify.
  5143 | D:6      | 5143 ||| IDENTIFYING grey potion
  5144 | D:6      | 5144 ||| READING 3 scrolls of identify.
  5144 | D:6      | 5144 ||| IDENTIFYING murky orange potion
  5145 | D:6      | 5145 ||| READING 2 scrolls of identify.
  5145 | D:6      | 5145 ||| IDENTIFYING fuming white potion
  5146 | D:6      | 5146 ||| DROPPING potion of magic.
  5147 | D:6      | 5147 ||| DROPPING potion of degeneration.
  5155 | D:6      | Became a worshipper of Warmaster Okawaru
  5156 | D:6      | 5156 ||| PLANNING D:1-11
  5214 | D:6      | Reached skill level 3 in Armour
  5316 | D:6      | Reached skill level 12 in Ranged Weapons
  5352 | D:6      | Noticed a gargoyle
  5357 | D:6      | Reached * piety under Okawaru
  5368 | D:6      | 5368 ||| INVOKING Heroism.
  5373 | D:6      | Killed a gargoyle
  5471 | D:6      | Reached skill level 1 in Invocations
  5594 | D:6      | 5594 ||| DRINKING 2 white potions.
  5698 | D:6      | 5698 ||| DROPPING potion of berserk rage.
  5723 | D:7      | 5723 ||| INVOKING Heroism.
  5723 | D:7      | Noticed Pikel
  5737 | D:7      | Killed Pikel
  5737 | D:7      | Reached ** piety under Okawaru
  5738 | D:7      | Reached XP level 10. HP: 64/99 MP: 8/10
  5740 | D:7      | 5740 ||| STAIRDANCE
  5742 | D:6      | 5742 ||| INVOKING Heroism.
  5783 | D:6      | 5783 ||| SWAPPING to +0 orcbow.
  5784 | D:6      | 5784 ||| DROPPING +7 sling.
  5839 | D:7      | Identified the +1 leather armour of Ru's Scorn {Will- Str+4
                  | Int+3}
  5902 | D:7      | 5902 ||| INVOKING Heroism.
  5904 | D:7      | Reached skill level 3 in Invocations
  5946 | D:7      | 5946 ||| Stepping ~*~*~tactically~*~*~ (outnumbered).
  5948 | D:7      | 5948 ||| Stepping ~*~*~tactically~*~*~ (outnumbered).
  6028 | D:7      | Found a staircase to the Ecumenical Temple.
  6160 | D:7      | Noticed Duvessa
  6160 | D:7      | Noticed Dowan
  6161 | D:7      | 6161 ||| Stepping ~*~*~tactically~*~*~ (outnumbered).
  6162 | D:7      | 6162 ||| Stepping ~*~*~tactically~*~*~ (outnumbered).
  6164 | D:7      | 6164 ||| Stepping ~*~*~tactically~*~*~ (outnumbered).
  6166 | D:7      | 6166 ||| INVOKING Heroism.
  6169 | D:7      | Killed Duvessa
  6176 | D:7      | Killed Dowan
  6209 | D:7      | Found a runed translucent door.
  6210 | D:7      | Noticed Crazy Yiuf
  6271 | D:7      | 6271 ||| DROPPING +1 leather armour of Ru's Scorn {Will-
                  | Str+4 Int+3}.
  6272 | D:7      | 6272 ||| READING scroll labelled RUDOUT OROD.
  6273 | D:7      | 6273 ||| READING scroll labelled ELOORY YNE XOUHOK.
  6274 | D:7      | 6274 ||| READING 2 scrolls of identify.
  6274 | D:7      | 6274 ||| IDENTIFYING brown potion
  6314 | D:7      | 6314 ||| STAIRDANCE
  6316 | D:6      | 6316 ||| INVOKING Heroism.
  6343 | D:7      | 6343 ||| INVOKING Heroism.
  6350 | D:7      | Reached skill level 13 in Ranged Weapons
  6372 | D:7      | 6372 ||| READING 2 scrolls of identify.
  6372 | D:7      | 6372 ||| IDENTIFYING fizzy golden potion
  6373 | D:7      | 6373 ||| DROPPING potion of brilliance.
  6420 | D:8      | Reached skill level 9 in Fighting
  6459 | D:8      | Noticed Joseph
  6468 | D:8      | Killed Joseph
  6469 | D:8      | Reached skill level 6 in Dodging
  6786 | D:8      | 6786 ||| INVOKING Heroism.
  6926 | D:8      | Paralysed by a hornet for 1 turns
  6927 | D:8      | 6927 ||| INVOKING Heroism.
  7191 | D:9      | 7191 ||| INVOKING Heroism.
  7268 | D:9      | Found a staircase to the Lair.
  7501 | D:9      | Reached skill level 14 in Ranged Weapons
  7512 | D:9      | 7512 ||| INVOKING Heroism.
  7570 | D:9      | 7570 ||| INVOKING Heroism.
  7644 | D:9      | Noticed an obsidian statue
  7645 | D:9      | 7645 ||| INVOKING Heroism.
  7651 | D:9      | Noticed a soul eater
  7658 | D:9      | HP: 21/102 [soul eater[an obsidian statue] (18)]
  7659 | D:9      | Noticed a soul eater
  7659 | D:9      | 7659 ||| READING 6 scrolls of teleportation.
  7660 | D:9      | 7660 ||| DRINKING potion of heal wounds.
  7776 | D:9      | 7776 ||| INVOKING Heroism.
  7780 | D:9      | Reached XP level 11. HP: 108/108 MP: 10/13
  7881 | D:9      | 7881 ||| PLANNING LAIR
  7881 | D:9      | 7881 ||| UPGRADING to +0 pair of boots.
  7886 | D:9      | 7886 ||| READING 2 scrolls of identify.
  7886 | D:9      | 7886 ||| IDENTIFYING fuming cyan potion
  7887 | D:9      | 7887 ||| DROPPING potion of lignification.
  7902 | Lair:1   | Entered Level 1 of the Lair of Beasts
  7903 | Lair:1   | 7903 ||| INVOKING Heroism.
  7989 | Lair:1   | 7989 ||| INVOKING Heroism.
  8005 | Lair:1   | 8005 ||| INVOKING Heroism.
  8078 | Lair:1   | 8078 ||| INVOKING Heroism.
  8195 | Lair:1   | 8195 ||| READING scroll of enchant weapon.
  8195 | Lair:1   | 8195 ||| ENCHANTING +0 heavy orcbow.
  8199 | Lair:1   | Reached skill level 15 in Ranged Weapons
  8203 | Lair:1   | Reached *** piety under Okawaru
  8208 | Lair:1   | 8208 ||| INVOKING Heroism.
  8303 | Lair:1   | 8303 ||| INVOKING Heroism.
  8324 | Lair:1   | Identified the +2 robe "Huxzagex" {rN++ Int-4}
  8455 | Lair:1   | 8455 ||| INVOKING Heroism.
  8612 | Lair:1   | 8612 ||| INVOKING Heroism.
  8649 | Lair:1   | 8649 ||| INVOKING Heroism.
  8673 | Lair:1   | Found the +8 whip "Snakebite" {venom, curare, rPois}
  8937 | Lair:1   | 8937 ||| DROPPING +2 robe "Huxzagex" {rN++ Int-4}.
  8938 | Lair:1   | 8938 ||| DRINKING 2 fuming grey potions.
  9001 | Lair:2   | 9001 ||| INVOKING Heroism.
  9023 | Lair:2   | 9023 ||| INVOKING Heroism.
  9030 | Lair:2   | Reached skill level 16 in Ranged Weapons
  9048 | Lair:2   | 9048 ||| INVOKING Heroism.
  9069 | Lair:2   | Found a staircase to the Snake Pit.
  9108 | Lair:2   | Noticed Amaemon
  9109 | Lair:2   | 9109 ||| INVOKING Heroism.
  9116 | Lair:2   | Killed Amaemon
  9119 | Lair:2   | Reached **** piety under Okawaru
  9126 | Lair:2   | Reached XP level 12. HP: 110/121 MP: 14/14
  9245 | Lair:2   | Found a staircase to the Shoals.
  9285 | Lair:2   | 9285 ||| INVOKING Heroism.
  9290 | Lair:2   | 9290 ||| Stepping ~*~*~tactically~*~*~ (cloud).
  9503 | Lair:2   | Noticed a four-headed hydra
  9504 | Lair:2   | 9504 ||| INVOKING Heroism.
  9507 | Lair:2   | Killed a four-headed hydra
  9855 | Lair:3   | Reached skill level 6 in Invocations
  9866 | Lair:3   | Reached ***** piety under Okawaru
  9871 | Lair:3   | Reached skill level 12 in Fighting
  9899 | Lair:3   | Noticed a boulder beetle
  9900 | Lair:3   | 9900 ||| INVOKING Heroism.
  9913 | Lair:3   | Killed a boulder beetle
 10038 | Lair:3   | 10038 ||| INVOKING Heroism.
 10167 | Lair:3   | Reached skill level 6 in Armour
 10421 | Lair:4   | 10421 ||| INVOKING Heroism.
 10431 | Lair:4   | 10431 ||| Stepping ~*~*~tactically~*~*~ (cloud).
 10432 | Lair:4   | 10432 ||| Stepping ~*~*~tactically~*~*~ (cloud).
 10434 | Lair:4   | 10434 ||| Stepping ~*~*~tactically~*~*~ (cloud).
 10460 | Lair:4   | 10460 ||| INVOKING Heroism.
 10462 | Lair:4   | Reached skill level 9 in Dodging
 10519 | Lair:4   | Found a sacrificial altar of Ru.
 10542 | Lair:4   | 10542 ||| INVOKING Heroism.
 10546 | Lair:4   | Noticed an eight-headed hydra
 10553 | Lair:4   | Killed an eight-headed hydra
 10592 | Lair:4   | 10592 ||| READING scroll of enchant weapon.
 10592 | Lair:4   | 10592 ||| ENCHANTING +1 heavy orcbow.
 10627 | Lair:4   | 10627 ||| INVOKING Heroism.
 10696 | Lair:4   | Reached XP level 13. HP: 130/130 MP: 18/18
 10704 | Lair:4   | 10704 ||| FLEEEEING.
 10717 | Lair:4   | Reached skill level 9 in Invocations
 10740 | Lair:4   | Found a viscous altar of Jiyva.
 10746 | Lair:4   | Found a staircase to the Slime Pits.
 10803 | Lair:4   | 10803 ||| INVOKING Heroism.
 11105 | Lair:4   | Received a gift from Okawaru
 11125 | Lair:4   | 11125 ||| SWAPPING to +2 arbalest of electrocution.
 11126 | Lair:4   | 11126 ||| DROPPING +2 heavy orcbow.
 11127 | Lair:4   | 11127 ||| READING scroll of brand weapon.
 11127 | Lair:4   | 11127 ||| BRANDING +2 arbalest of electrocution.
 11377 | Lair:4   | 11377 ||| DROPPING ring of resist corrosion.
 11378 | Lair:4   | 11378 ||| DROPPING ring of willpower.
 11396 | Lair:5   | Entered Level 5 of the Lair of Beasts
 11397 | Lair:5   | 11397 ||| INVOKING Heroism.
 11409 | Lair:5   | 11409 ||| STAIRDANCE
 11411 | Lair:4   | HP: 30/134 [eight-headed hydra (9)]
 11412 | Lair:4   | 11412 ||| READING 8 scrolls of teleportation.
 11413 | Lair:4   | 11413 ||| DRINKING 2 potions of heal wounds.
 11522 | Lair:5   | 11522 ||| INVOKING Heroism.
 11572 | Lair:5   | 11572 ||| READING 3 scrolls labelled YPSEJU MYICH.
 11579 | Lair:5   | 11579 ||| READING 2 scrolls of enchant armour.
 11579 | Lair:5   | 11579 ||| ENCHANTING +0 pair of boots.
 11580 | Lair:5   | 11580 ||| READING scroll of enchant armour.
 11580 | Lair:5   | 11580 ||| ENCHANTING +1 pair of boots.
 11661 | Lair:5   | 11661 ||| INVOKING Heroism.
 11708 | Lair:5   | Noticed Josephine
 11714 | Lair:5   | Killed Josephine
 11715 | Lair:5   | 11715 ||| FLEEEEING.
 11716 | Lair:5   | 11716 ||| FLEEEEING.
 11717 | Lair:5   | 11717 ||| FLEEEEING.
 11718 | Lair:5   | 11718 ||| FLEEEEING.
 11719 | Lair:5   | 11719 ||| FLEEEEING.
 11761 | Lair:5   | 11761 ||| INVOKING Heroism.
 11766 | Lair:5   | HP: 33/134 [poisoned by a sea snake]
 11767 | Lair:5   | 11767 ||| READING 7 scrolls of teleportation.
 11768 | Lair:5   | 11768 ||| DRINKING potion of heal wounds.
 11770 | Lair:5   | 11770 ||| INVOKING Finesse.
 11775 | Lair:5   | 11775 ||| Stepping ~*~*~tactically~*~*~ (water).
 11779 | Lair:5   | Reached skill level 17 in Ranged Weapons
 11864 | Lair:5   | 11864 ||| READING scroll of enchant weapon.
 11864 | Lair:5   | 11864 ||| ENCHANTING +2 arbalest of freezing.
 11881 | Lair:5   | 11881 ||| Stepping ~*~*~tactically~*~*~ (water).
 11882 | Lair:5   | 11882 ||| INVOKING Heroism.
 11885 | Lair:5   | 11885 ||| READING 3 scrolls of identify.
 11885 | Lair:5   | 11885 ||| IDENTIFYING yellow potion
 11905 | Lair:5   | Received a gift from Okawaru
 11906 | Lair:5   | 11906 ||| INVOKING Heroism.
 11908 | Lair:5   | 11908 ||| INVOKING Finesse.
 11925 | Lair:5   | Reached skill level 18 in Ranged Weapons
 12520 | Lair:5   | 12520 ||| PLANNING D:1-11
 12661 | D:10     | Entered Level 10 of the Dungeon
 12661 | D:10     | Noticed Harold
 12662 | D:10     | 12662 ||| INVOKING Heroism.
 12667 | D:10     | Killed Harold
 12801 | D:10     | 12801 ||| INVOKING Heroism.
 12935 | D:10     | 12935 ||| INVOKING Heroism.
 13357 | D:11     | Noticed qw's ghost (novice MiHs)
 13358 | D:11     | Found a transporter.
 13367 | D:11     | 13367 ||| INVOKING Heroism.
 13371 | D:11     | Reached XP level 14. HP: 64/141 MP: 17/20
 13376 | D:11     | 13376 ||| FLEEEEING.
 13384 | D:11     | 13384 ||| FLEEEEING.
 13385 | D:11     | 13385 ||| FLEEEEING.
 13386 | D:11     | 13386 ||| FLEEEEING.
 13387 | D:11     | 13387 ||| FLEEEEING.
 13388 | D:11     | 13388 ||| STAIRDANCE
 13604 | D:11     | Found a transporter.
 13796 | D:11     | Noticed Fannar
 13797 | D:11     | 13797 ||| FLEEEEING.
 13819 | D:11     | Killed Fannar
 13877 | D:11     | 13877 ||| INVOKING Heroism.
 14100 | D:11     | 14100 ||| READING scroll of enchant weapon.
 14100 | D:11     | 14100 ||| ENCHANTING +3 arbalest of freezing.
 14224 | D:11     | 14224 ||| PLANNING D
 14296 | D:12     | Found a portal to a secret trove of treasure.
 14359 | D:12     | 14359 ||| INVOKING Heroism.
 14360 | D:12     | 14360 ||| INVOKING Finesse.
 14458 | D:12     | Identified the amulet of Existentialism {Reflect Int+3
                  | Dex+3 SH+5}
 14557 | D:12     | Noticed Frances
 14558 | D:12     | 14558 ||| INVOKING Heroism.
 14568 | D:12     | Killed Frances
 14703 | D:12     | Found a staircase to the Orcish Mines.
 14783 | D:12     | Reached skill level 15 in Fighting
 14949 | D:12     | 14949 ||| UPGRADING to amulet of Existentialism {Reflect
                  | Int+3 Dex+3 SH+5}.
 15036 | D:13     | 15036 ||| INVOKING Heroism.
 15268 | D:13     | 15268 ||| Stepping ~*~*~tactically~*~*~ (outnumbered).
 15270 | D:13     | 15270 ||| INVOKING Heroism.
 15458 | D:13     | Noticed Jorgrun
 15459 | D:13     | 15459 ||| INVOKING Heroism.
 15460 | D:13     | 15460 ||| INVOKING Finesse.
 15461 | D:13     | 15461 ||| DRINKING potion of cancellation.
 15465 | D:13     | Killed Jorgrun
 15855 | D:14     | 15855 ||| INVOKING Heroism.
 15856 | D:14     | 15856 ||| INVOKING Finesse.
 15859 | D:14     | Reached skill level 12 in Dodging
 15889 | D:14     | HP: 29/148 [cyclops (25)]
 15890 | D:14     | 15890 ||| READING 7 scrolls of teleportation.
 16044 | D:14     | Found a blossoming altar of Fedhas.
 16093 | D:14     | 16093 ||| INVOKING Heroism.
 16206 | D:14     | 16206 ||| READING scroll of enchant weapon.
 16206 | D:14     | 16206 ||| ENCHANTING +4 arbalest of freezing.
 16350 | D:14     | Found a gate to the Vaults.
 16362 | D:14     | 16362 ||| INVOKING Heroism.
 16372 | D:14     | Identified the +1 scale mail of the Hanged Man {Int+3}
                  | (Okawaru gifted it to you on level 14 of the Dungeon)
 16372 | D:14     | Received a gift from Okawaru
 16382 | D:14     | HP: 34/150 [vault guard/+0 broad axe (8)]
 16383 | D:14     | 16383 ||| READING 6 scrolls of teleportation.
 16410 | D:14     | 16410 ||| INVOKING Heroism.
 16411 | D:14     | 16411 ||| INVOKING Finesse.
 16557 | D:14     | Found a glowing golden altar of the Shining One.
 16653 | D:15     | Entered Level 15 of the Dungeon
 16654 | D:15     | 16654 ||| INVOKING Heroism.
 16659 | D:15     | 16659 ||| INVOKING Finesse.
 16660 | D:15     | 16660 ||| STAIRDANCE
 16672 | D:14     | Reached XP level 15. HP: 69/158 MP: 15/21
 16748 | D:15     | 16748 ||| INVOKING Heroism.
 16754 | D:15     | 16754 ||| STAIRDANCE
 16757 | D:14     | Slain by an orc knight

Levels and vault maps discovered:
D:1:      reono_arrival_mine, layout_basic
D:2:      layout_basic, basic_altar, minmay_small_reverse_x, uniq_jessica
D:3:      layout_loops_corners, lemuel_tele_altar, ebering_ghost_gozag,
          chequers_serial_rivers_micro_a, minmay_shallow_snake_nest, uniq_robin
D:4:      layout_cave_pools, overflow_temple_1_default,
          lightli_ossuary_entry_decrepit_ruins, uniq_menkaure, uniq_sigmund
D:5:      layout_basic, mainiacjoe_overflow_surrounded_room, uniq_blork_the_orc
D:6:      cheibrodos_barr_body, layout_cave_pools,
          grunt_temple_overflow_bloody_war,
          chequers_temple_overflow_statue_of_worship
D:7:      layout_rooms, minmay_temple_entry_large_hall,
          nicolae_fountain_basement, uniq_crazy_yiuf_cottage, uniq_pikel,
          uniq_duvessa
D:8:      layout_loops_ring, uniq_joseph
D:9:      minmay_statue_hallways, layout_irregular_city, lair_entry_dummy,
          minmay_door_square
D:10:     layout_cave_pools, uniq_harold
D:11:     layout_loops_ring, gammafunk_ghost_arena,
          hangedman_abyss_or_decor_passed, serial_bayou_pond_c, uniq_fannar
D:12:     layout_long_grid, orc_0_dummy, enter_trove_1, uniq_frances
D:13:     layout_long_grid, uniq_jorgrun
D:14:     layout_rooms, erik_vaults_2, nicolae_tso_swordbearing_angel,
          fedhas_altar_3
D:15:     grunt_enter_depths_magical_seal, layout_rooms,
          chequers_serial_rivers_marsh
Lair:1:   minmay_guarded_unrand_snakebite, layout_gridlike
Lair:2:   layout_gridlike, minmay_shoals_entry_hut,
          minmay_snake_entry_six_corridors, uniq_amaemon
Lair:3:   layout_cave_shapes, minivault_23, nzn_sisyphean_effort
Lair:4:   layout_loops_ring, slime_entry_1, lemuel_centaur_altar,
          serial_bayou_shore_a
Lair:5:   gammafunk_lair_ancient_temple, layout_regular_city,
          grunt_megastairs_5, uniq_josephine

Skill      XL: |  1  2  3  4  5  6  7  8  9 10 11 12 13 14 |
---------------+-------------------------------------------+-----
Ranged Weapons | 3 4 5 6 7 9 10 12 14 16 18 | 18.0
Fighting       | 2 4 5 7 8 9 11 12 13 16 | 16.0
Armour         | 1 2 3 5 6 7 8 |  8.6
Dodging        | 3 4 5 6 7 9 10 13 | 13.0
Invocations    | 2 4 8 10 | 10.0
Spellcasting   | |  1.0
Hexes          | |  2.0

Action                     |  1- 3 |  4- 6 |  7- 9 | 10-12 | 13-15 || total
---------------------------+-------+-------+-------+-------+-------++-------
   Fire: Sling             |    65 |   280 |   365 |     7 |       ||   717
         Orcbow            |       |       |       |   612 |    43 ||   655
         Arbalest          |       |       |       |       |   596 ||   596
 Invoke: Heroism           |       |       |     2 |    33 |    23 ||    58
         Finesse           |       |       |       |       |     7 ||     7
    Use: Scroll            |     4 |     8 |     9 |     8 |    12 ||    41
         Potion            |       |     2 |     4 |     2 |     3 ||    11
 Armour: Leather armour    |     3 |    12 |       |       |       ||    15
         Robe              |     1 |    11 |    17 |       |       ||    29
         Troll leather arm |       |       |    11 |    45 |   109 ||   165
  Dodge: Dodged            |    13 |    78 |   180 |   443 |   560 ||  1274
  Block: Other             |       |       |       |       |    43 ||    43
         Reflection        |       |       |       |       |     1 ||     1

Table legend:
 A = Non-vault XP
 B = Vault XP
 C = Vault XP percentage of total XP
 D = Non-vault monster count
 E = Vault monster count
 F = Vault count percentage of total count
                 A         B        C        D         E       F
            +---------+---------+-------+---------+---------+-------
      Total |   71124 |   34331 |  32.6 |     416 |     147 |  26.1
            +---------+---------+-------+---------+---------+-------
        D:1 |      32 |       0 |   0.0 |      18 |       0 |   0.0
        D:2 |     123 |     121 |  49.6 |      27 |       5 |  15.6
        D:3 |     194 |      49 |  20.2 |      19 |      15 |  44.1
        D:4 |     380 |     406 |  51.7 |      15 |       2 |  11.8
        D:5 |    1531 |     100 |   6.1 |      30 |       1 |   3.2
        D:6 |    1163 |    1233 |  51.5 |      15 |      16 |  51.6
        D:7 |     863 |    1163 |  57.4 |      25 |       5 |  16.7
        D:8 |    1353 |     423 |  23.8 |      25 |       1 |   3.8
        D:9 |    1563 |       0 |   0.0 |      15 |       0 |   0.0
       D:10 |    2908 |     865 |  22.9 |      18 |       1 |   5.3
       D:11 |    5902 |     883 |  13.0 |      25 |       1 |   3.8
       D:12 |    3477 |    1469 |  29.7 |      12 |       1 |   7.7
       D:13 |    8435 |    1913 |  18.5 |      23 |       1 |   4.2
       D:14 |   11642 |    6962 |  37.4 |      24 |       8 |  25.0
       D:15 |     974 |       0 |   0.0 |       4 |       0 |   0.0
     Lair:1 |    4817 |    1408 |  22.6 |      24 |      10 |  29.4
     Lair:2 |    3649 |    4666 |  56.1 |      18 |      14 |  43.8
     Lair:3 |    4913 |     819 |  14.3 |      16 |       1 |   5.9
     Lair:4 |   10977 |    1292 |  10.5 |      37 |       5 |  11.9
     Lair:5 |    6228 |   10200 |  62.1 |      26 |      22 |  45.8
    Ossuary |       0 |     359 | 100.0 |       0 |      38 | 100.0
            +---------+---------+-------+---------+---------+-------
